 Dungeon Crawl Stone Soup version 0.19-a0-624-g96853e7 (webtiles) character file.

51 AlphabetPasta the Charmwright (level 3, -4/30 HPs)
             Began as a Ghoul Skald on June 12, 2016.
             Killed from afar by Sigmund (7 damage)
             ... with a puff of flame
             ... on level 2 of the Dungeon.
             The game lasted 00:05:55 (1640 turns).

AlphabetPasta the Charmwright (Ghoul Skald)         Turns: 1640, Time: 00:05:55

Health: -4/30      AC:  5    Str: 15    XL:     3   Next: 83%
Magic:  1/5        EV: 11    Int:  8    God:
Gold:   91         SH:  0    Dex:  8    Spells: 3 memorised, 1 level left

rFire  . . .     SeeInvis .       - Unarmed
rCold  + . .     Gourm    .     a - +0 leather armour
rNeg   + + +     Faith    .     (no shield)
rPois  ∞         Spirit   .     (no helmet)
rElec  .         Dismiss  .     n - +0 cloak
rCorr  .         Reflect  .     (no gloves)
SustAt .         Harm     .     p - +0 pair of boots
MR     .....                    (no amulet)
Stlth  +.........               (no ring)
                                (no ring)

@: rotting, not resistant to hostile enchantments, very unstealthy
A: rotting body, claws 1, carnivore 3, cold resistance 1, negative energy
resistance 3, slow regeneration 1, torment resistance, unbreathing
a: no special abilities


You were on level 2 of the Dungeon.
You were not hungry.

You visited 1 branch of the dungeon, and saw 2 of its levels.

You collected 91 gold pieces.

Inventory:

Armour
 a - a +0 leather armour (worn)
 i - a +0 ring mail
 n - a +0 cloak (worn)
 p - a +0 pair of boots (worn)
Scrolls
 e - a scroll of enchant armour {unknown}
 g - a scroll of enchant weapon {unknown}
 m - a scroll of identify {unknown}
Potions
 d - 2 potions of lignification {unknown}
 f - a potion of heal wounds {unknown}
 j - a potion of haste {unknown}
 k - a potion of experience {unknown}
 o - a potion of mutation {unknown}
Books
 b - a book of Battle

   Spells                             Type                      Level
   a - Infusion                       Charms                       1
   b - Shroud of Golubria             Charms/Translocation         2
   c - Song of Slaying                Charms                       2
   d - Spectral Weapon                Hexes/Charms                 3
   e - Regeneration                   Charms/Necromancy            3
Comestibles
 c - a meat ration
 h - a beef jerky
 l - 3 chunks of flesh


   Skills:
 + Level 2.6 Fighting
 + Level 1.2 Armour
 + Level 1.5 Dodging
 * Level 2.7 Unarmed Combat
 + Level 2.0 Spellcasting
 + Level 3.0 Charms


You had one spell level left.
You knew the following spells:

 Your Spells              Type           Power        Failure   Level  Hunger
a - Infusion              Chrm           #...         14%         1    ##.....
b - Song of Slaying       Chrm           #.......     21%         2    ###....
c - Shroud of Golubria    Chrm/Tloc      #.........   34%         2    ###....


Dungeon Overview and Level Annotations

Branches:
Dungeon (2/15)

Altars:
Xom

Annotations:
D:2 Sigmund


Innate Abilities, Weirdness & Mutations

Your body is rotting away.
You thrive on raw meat.
You are immune to poison.
You have sharp fingernails.
You are carnivorous and can eat meat at any time.
Your flesh is cold resistant. (rC+)
You are immune to negative energy. (rN+++)
You regenerate slowly when monsters are visible.
You are immune to unholy pain and torment.
You can survive without breathing.


Message History

Sigmund is moderately wounded.
Sigmund hits you but does no damage.
You scratch Sigmund!
Sigmund is severely wounded.
Sigmund hits you but does no damage.
You claw Sigmund! You claw Sigmund.
Sigmund is almost dead.
You closely miss Sigmund.
Sigmund is almost dead.
Sigmund points at you and mumbles some strange words.
You resist with significant effort.
You barely miss Sigmund.
Sigmund is almost dead.
You are no longer magically infusing your attacks.
Sigmund barely misses you.
You scratch Sigmund but do no damage.
Sigmund is almost dead.
Sigmund points at you and mumbles some strange words.
The puff of flame hits you!
You die...

#....###.._^....# #.###.........
#....##..^.^....# #.#.########.#
#....##.........# #.#..........#
#....#..#.......# #.#.########.#
#.(............## #.#.......)..#
####...........# #.##########.#
#...........# #............#
###########'###################
#....# #...@@.......########
###....#################.#.......
..'....'..............##.#.######
.##....##############.##.#.#
.##....# #######.##.#.# )########
#.......##.#.###### .........
####.......##)#....... .........
#..........##)######## .........
#..........##.#####


You could see Sigmund.

Vanquished Creatures
  An adder (D:2)
  A worm (D:2)
  8 goblins
  9 hobgoblins
  3 jackals (D:2)
  A quokka (D:2)
  2 ball pythons
  3 bats
  2 giant newts (D:1)
  4 kobolds
  2 rats (D:1)
36 creatures vanquished.

Notes
Turn   | Place    | Note
--------------------------------------------------------------
     0 | D:1      | AlphabetPasta the Ghoul Skald began the quest for the Orb.
     0 | D:1      | Reached XP level 1. HP: 17/17 MP: 2/2
    99 | D:1      | Reached skill level 1 in Armour
   105 | D:1      | Reached skill level 1 in Dodging
   472 | D:1      | Reached XP level 2. HP: 15/24 MP: 3/3
   890 | D:2      | Reached XP level 3. HP: 30/30 MP: 0/4
   977 | D:2      | Learned a level 2 spell: Song of Slaying
   980 | D:2      | Learned a level 2 spell: Shroud of Golubria
  1173 | D:2      | Found a shimmering altar of Xom.
  1421 | D:2      | Reached skill level 3 in Charms
  1600 | D:2      | Noticed Sigmund
  1640 | D:2      | Killed from afar by Sigmund

Vault maps used:
D:1:      shiori_arrival_elements
D:2:      kennysheep_the_goblin_king, xom_teletrap_fun, bh_walls_and_bars,
          uniq_sigmund

Skill      XL: |  1  2  3 |
---------------+----------+-----
Armour         | 1 |  1.2
Dodging        | 1 |  1.5
Spellcasting   | 2 |  2.0
Charms         | 3 |  3.0
Fighting       | |  2.6
Unarmed Combat | |  2.7

Action                   || total
-------------------------++-------
Melee: Unarmed           ||   162
       Punch             ||     2
 Cast: Infusion          ||     9
  Eat: Chunk             ||    21
Armor: Leather armour    ||    30
Dodge: Dodged            ||    69
